 Dungeon Crawl Stone Soup version 0.31-a0-1009-g454b1f1e0a (webtiles) character file.

Game seed: 6722852701464857736

665 Gumption the Changeling (level 7, -11/52 HPs)
             Began as a Human Shapeshifter on Nov 16, 2023.
             Mangled by an ice beast (14 damage)
             ... on level 5 of the Dungeon.
             The game lasted 00:27:10 (3962 turns).

Gumption the Changeling (Human Shapeshifter)        Turns: 3962, Time: 00:27:11

Health: -11/52     AC:  6    Str: 16    XL:     7   Next: 88%
Magic:  7/7        EV: 15    Int: 11    God:
Gold:   276        SH:  0    Dex: 12    Spells: 6/6 levels left

rFire   . . .        a - +1 dagger (venom)
rCold   . . .        (no shield)
rNeg    . . .        p - +0 scale mail
rPois   .            (helmet currently unavailable)
rElec   .            (cloak currently unavailable)
rCorr   .            (gloves currently unavailable)
SInv    .            (boots currently unavailable)
Will    +....        (no amulet)
Stlth   +            h - +5 ring of evasion
HPRegen 0.28/turn    e - ring of willpower
MPRegen 0.10/turn

%: no passive effects
@: beast-form
A: beast (slay +2)
a: Begin Untransformation


You were on level 5 of the Dungeon.
You were a hulking beast.
You visited 1 branch of the dungeon, and saw 5 of its levels.

You collected 276 gold pieces.

Inventory:

Hand Weapons
 a - a +1 dagger of venom (weapon)
 b - a +0 whip
 w - a +1 short sword of venom
Missiles
 j - 6 javelins (quivered)
 k - 3 curare-tipped darts
Armour
 i - a +0 plate armour
 p - a +0 scale mail (worn)
Jewellery
 e - a ring of willpower (right hand)
 h - a +5 ring of evasion (left hand)
Talismans
 c - a beast talisman
 d - a flux talisman
 v - a serpent talisman
Wands
 t - a wand of flame (22)
Scrolls
 f - a scroll of fear {unknown}
 g - 9 scrolls of identify {unknown}
 l - a scroll of enchant weapon {unknown}
 m - a scroll of butterflies {unknown}
 q - a scroll of poison {unknown}
 u - 2 scrolls of teleportation {unknown}
 x - a scroll of immolation {unknown}
Potions
 n - 3 potions of haste {unknown}
 o - 2 potions of curing {unknown}
 r - 3 potions of heal wounds {unknown}
 s - a potion of lignification


   Skills:
 + Level 3.0 Fighting
 - Level 4.0 Maces & Flails
 + Level 3.6 Dodging
 + Level 2.9 Stealth
 - Level 3.0 Unarmed Combat
 * Level 4.9 Shapeshifting


You had 6 spell levels left.
You didn't know any spells.
Your spell library contained the following spells:

 Spells                   Type           Power      Damage    Failure   Level
 Foxfire                  Conj/Fire      0%         2x1d4     80%         1
 Summon Small Mammal      Summ           0%         N/A       80%         1
 Call Canine Familiar     Summ           0%         N/A       99%         3
 Summon Guardian Golem    Hex/Summ       0%         N/A       99%         3
 Plasma Beam              Fire/Air       0%         2x1d10    100%        6
 Simulacrum               Ice/Necr       0%         N/A       100%        6
 Starburst                Conj/Fire      0%         6d3       100%        6
 Ozocubu's Refrigeration  Ice            0%         4d7       100%        7
 Polar Vortex             Ice            0%         N/A       100%        9


Dungeon Overview and Level Annotations

Branches:
Dungeon (5/15)
 Temple: D:4-7

Altars:


Message History

The ice beast completely misses you.
The ice beast attacks as it pursues you!
The ice beast closely misses you.
The ice beast attacks as it pursues you!
The ice beast hits you but does no damage.
Things that are here:
a +0 whip; a +0 ring mail; an orc skeleton The ice beast attacks as it pursues you!
The ice beast hits you but does no damage.
The ice beast attacks as it pursues you!
The ice beast closely misses you.
Aiming: Throw Flame
Press: ? - help, Q - select action, (/) - cycle Shift-Dir - straight line, f - ice beast
Aim: an ice beast (68% to hit)
The puff of flame hits the ice beast!
The ice beast melts!
The ice beast is moderately wounded.
You hit the ice beast.
The ice beast is heavily wounded.
The ice beast hits you.
* * * LOW HITPOINT WARNING * * *
The ice beast freezes you!
* * * LOW HITPOINT WARNING * * *
You barely miss the ice beast.
The ice beast is heavily wounded.
The ice beast barely misses you.
You hit the ice beast.
The ice beast is heavily wounded.
The ice beast hits you but does no damage.
You hit the ice beast.
The ice beast is severely wounded.
The ice beast closely misses you.
The ice beast attacks as it pursues you!
The ice beast closely misses you.
The ice beast attacks as it pursues you!
The ice beast misses you.
The ice beast attacks as it pursues you!
The ice beast hits you.
* * * LOW HITPOINT WARNING * * *
The ice beast freezes you!
You die...

#.##........# #.#
...#.####.#.# #.#
..........#.# #.#
#.##.###..# # #.#
..........# #.#
#.##..##..# #.#
#.##..###.# #.#
#.##......# #####.#
#...........#..Yh.#
#############.#####
..............#
#############.# #
### # #


You could see an ice beast.

Vanquished Creatures
  An ogre (D:4)
  A phantom (D:4)
  Blork the orc (D:4)
  A scorpion (D:4)
  A hound (D:5)
  A gnoll bouda (D:5)
  2 iguanas (D:4)
  Robin (D:4)
  7 gnolls
  8 adders
  2 worms
  3 dart slugs
  2 orcs (D:5)
  6 ball pythons
  11 bats
  12 endoplasms
  A giant cockroach (D:2)
  10 hobgoblins
  4 jackals (D:1)
  5 quokkas
  3 frilled lizards
  13 goblins
  8 kobolds
  7 rats
111 creatures vanquished.

Notes
Turn   | Place    | Note
-------+----------+-------------------------------------------
     0 | D:1      | Gumption the Human Shapeshifter began the quest for the
                  | Orb.
     0 | D:1      | Reached XP level 1. HP: 15/15 MP: 1/1
   146 | D:1      | Reached XP level 2. HP: 20/21 MP: 2/2
   186 | D:1      | Reached skill level 1 in Maces & Flails
   186 | D:1      | Reached XP level 3. HP: 8/26 MP: 3/3
   432 | D:1      | Reached skill level 1 in Stealth
   716 | D:2      | Reached XP level 4. HP: 32/32 MP: 4/4
  1363 | D:2      | Reached XP level 5. HP: 28/37 MP: 5/5
  2513 | D:4      | Noticed an ogre
  2523 | D:4      | Killed an ogre
  2524 | D:4      | Reached XP level 6. HP: 44/44 MP: 6/6
  2564 | D:4      | Noticed Blork the orc
  2578 | D:4      | Killed Blork the orc
  2602 | D:4      | Noticed Robin
  2620 | D:4      | Killed Robin
  2650 | D:4      | Reached XP level 7. HP: 39/51 MP: 7/7
  3246 | D:5      | Entered Level 5 of the Dungeon
  3953 | D:5      | HP: 2/52 [ice beast (12)]
  3962 | D:5      | Mangled by an ice beast

Illustrated notes

Levels and vault maps discovered:
D:1:      psy_arrival_conway, layout_rooms, minmay_crystal_water,
          chequers_serial_rivers_micro_e
D:2:      layout_basic, corexii_shack, kennysheep_generic_room_12
D:3:      layout_basic
D:4:      minmay_wonky_spiral, layout_rooms, minmay_surrounded, uniq_robin,
          uniq_blork_the_orc
D:5:      layout_basic, mainiacjoe_overflow_paths,
          minmay_temple_entry_gardened_gates, hex_large, chequers_garden

Skill      XL: |  1  2  3  4  5  6  7 |
---------------+----------------------+-----
Maces & Flails | 1 2 3 4 |  4.0
Stealth        | 1 2 |  2.9
Fighting       | 2 3 |  3.0
Dodging        | 3 |  3.6
Shapeshifting  | 4 |  4.9
Unarmed Combat | |  3.0

Action                     |  1- 3 |  4- 6 |  7- 9 || total
---------------------------+-------+-------+-------++-------
  Melee: Whip              |    94 |   186 |       ||   280
         Punch             |     2 |     5 |     2 ||     9
         Short sword       |       |    35 |    53 ||    88
         Dagger            |       |       |    61 ||    61
  Throw: Stone             |     5 |       |       ||     5
         Dart              |       |     2 |       ||     2
         Javelin           |       |       |     7 ||     7
  Evoke: Wand              |       |       |     1 ||     1
   Stab: Sleeping          |     1 |       |       ||     1
 Armour: Animal skin       |    34 |       |       ||    34
         Ring mail         |     3 |    45 |       ||    48
         Scale mail        |       |    34 |    68 ||   102
  Dodge: Dodged            |    81 |   143 |    92 ||   316

Table legend: (Time is in decaauts)
 A = Elapsed time spent in this place.
 B = Non-inter-level travel time spent in this place.
 C = Inter-level travel time spent in this place.
 D = Time resting spent in this place.
 E = Time spent auto-exploring this place.
 F = Levels seen in this place.
 G = Mean time per level.
                   A        B        C        D        E       F      G
               +--------+--------+--------+--------+--------+-----+--------+
         Total |   3972 |   3972 |      0 |    740 |    530 |   5 |  794.4 |
       Dungeon |   3972 |   3972 |      0 |    740 |    530 |   5 |  794.4 |
               +--------+--------+--------+--------+--------+-----+--------+

Top non-repeatable levels by time:
     D:2: 1151 daAuts
     D:4: 977 daAuts
     D:3: 787 daAuts
     D:1: 582 daAuts
     D:5: 472 daAuts
